 Dungeon Crawl Stone Soup version 0.27-a0-1291-geefcff550b (webtiles) character file.

Game seed: 3356266040005604620

37 flotson the Sneak (level 3, -1/29 HPs)
             Began as a Demonspawn Delver on June 16, 2021.
             Succumbed to a scorpion's poison
             ... on level 5 of the Dungeon.
             The game lasted 00:00:51 (171 turns).

flotson the Sneak (Demonspawn Delver)                Turns: 171, Time: 00:00:51

Health: -1/29      AC:  5    Str: 13    XL:     3   Next: 23%
Magic:  3/3        EV: 11    Int: 11    God:
Gold:   0          SH:  0    Dex: 14    Spells: 2/2 levels left

rFire    . . .     SeeInvis .   a - +0 hand axe
rCold    . . .     Faith    .   (no shield)
rNeg     . . .     Spirit   .   h - +0 ring mail
rPois    .         Reflect  .   (helmet restricted)
rElec    .         Harm     .   (no cloak)
rCorr    .         Rampage  .   (no gloves)
Will     .....                  (no boots)
Stlth    ++........             (no amulet)
HPRegen  0.09/turn              (no ring)
MPRegen  0.08/turn              (no ring)

@: lethally poisoned (-1 -> -13)
A: antennae 1, claws 1
a: no special abilities


You were on level 5 of the Dungeon.
You visited 1 branch of the dungeon, and saw 1 of its levels.

Inventory:

Hand Weapons
 a - a +0 hand axe (weapon)
Armour
 h - a +0 ring mail (worn)
Wands
 g - a wand of digging (3)
Scrolls
 c - a scroll of fog


   Skills:
 + Level 3.3 Fighting
 + Level 2.2 Axes
 + Level 1.1 Armour
 + Level 2.2 Dodging
 - Level 4.5 Stealth


You had 2 spell levels left.
You didn't know any spells.
Your spell library was empty.

Dungeon Overview and Level Annotations

Branches:
Dungeon (5/15)
 Temple: D:4-7

Altars:


Innate Abilities, Weirdness & Mutations

You have a pair of small antennae on your head.
You have sharp fingernails.


Message History

Your unstable footing causes you to fumble your attack.
Something stings the plant.
The scorpion zombie hits you but does no damage.
Something stings the plant.
The scorpion zombie splashes around in the water.
Your unstable footing causes you to fumble your attack.
Something stings the plant.
The scorpion zombie closely misses you.
The iguana splashes around in the water.
You hit the scorpion zombie.
The scorpion zombie is lightly damaged.
You hit the iguana.
A nearby plant withers and dies.
The scorpion zombie hits you.
The iguana splashes around in the water.
You hit the iguana.
The iguana is severely wounded.
You hit the scorpion zombie.
The scorpion zombie hits you but does no damage.
The iguana misses you.
You hit the iguana.
The iguana is almost dead.
You hit the scorpion zombie but do no damage.
The scorpion zombie splashes around in the water.
The iguana bites you!
Unknown command.
The scorpion closely misses you. The scorpion stings you.
As you read the scroll of magic mapping, it crumbles to dust.
You feel aware of your surroundings.
You sensed 5 altars.
The scorpion stings you!
The scorpion stings you but does no damage.
The scorpion stings you.
* * * LOW HITPOINT WARNING * * *
The scorpion stings you.
* * * LOW HITPOINT WARNING * * *
You are lethally poisoned!
The scorpion poisons you!
As you read the scroll of fear, it crumbles to dust.
You assume a fearsome visage.
The scorpion looks frightened!
The iguana looks frightened!
You die...

##Z##.#.##.##,,,,,,,**,**,,,,,,**
##.##.#.##[.#**#..#***,,,,,,,,,,,
......#.###.#<,....,****,*****,,,
...[..#.# #.#**#..#,* *,,,***,,,
......#.# #.## #..#,* *,,,**≈**,
#####Z#.# #..# #..#.# ***,*≈≈≈≈≈≈
#.#.# ##.###..#.##♣≈≈,≈≈≈≈≈≈≈
#.#.# #..##.....≈≈≈≈,≈≈≈≈≈≈≈
#l#.#####.##@...♣*≈≈≈,≈≈≈≈≈≈*
#.#........s...♣♣≈≈≈≈,≈≈≈≈≈≈≈
#.########.##.♣♣*≈≈≈≈,≈≈≈≈≈≈≈
#...Z....l....♣*≈≈≈P≈,≈≈≈***≈
##########..#♣♣♣P≈≈≈≈,≈≈≈* **
##.♣*≈≈≈≈≈≈≈,≈≈****
###.♣♣≈≈≈≈≈≈≈,≈≈**≈*
#...♣≈≈≈≈≈≈≈≈,≈≈****
#....≈≈≈P≈≈≈≈,≈≈≈****


You could see a scorpion (fleeing) and an iguana (fleeing).

Vanquished Creatures
  A hound (D:5)
  An adder (D:5)
2 creatures vanquished.

Vanquished Creatures (others)
  8 plants (D:5)
8 creatures vanquished.

Grand Total: 10 creatures vanquished

Notes
Turn   | Place    | Note
-------+----------+-------------------------------------------
     0 | D:5      | flotson the Demonspawn Delver began the quest for the Orb.
     0 | D:5      | Reached XP level 1. HP: 18/18 MP: 1/1
    39 | D:5      | Noticed a hound
    55 | D:5      | Killed a hound
    56 | D:5      | Reached skill level 1 in Armour
    56 | D:5      | Gained mutation: You have a pair of small antennae on your
                  | head. [demonic ancestry]
    56 | D:5      | Reached XP level 2. HP: 22/24 MP: 2/2
    67 | D:5      | Gained mutation: You have sharp fingernails. [demonic
                  | ancestry]
    67 | D:5      | Reached XP level 3. HP: 26/29 MP: 3/3
   127 | D:5      | Noticed a scorpion
   171 | D:5      | Succumbed to a scorpion's poison

Illustrated notes

Levels and vault maps discovered:
D:5:      layout_basic, chequers_temple_overflow_minitemple, serial_bayou,
          serial_bayou_shore_b, serial_bayou_pond_a, serial_bayou_pond_d,
          serial_bayou_shore_a, minivault_14, serial_bayou_lagoon_b

Skill      XL: |  1 |
---------------+----+-----
Axes           | 2 |  2.2
Armour         | 1 |  1.1
Dodging        | 2 |  2.2
Fighting       | |  3.3
Stealth        | |  4.5

Action                   || total
-------------------------++-------
Melee: Hand axe          ||    25
  Use: Potion            ||     1
       Scroll            ||     2
Armor: Ring mail         ||    11
Dodge: Dodged            ||    13

Table legend: (Time is in decaauts)
 A = Elapsed time spent in this place.
 B = Non-inter-level travel time spent in this place.
 C = Inter-level travel time spent in this place.
 D = Time resting spent in this place.
 E = Time spent auto-exploring this place.
 F = Levels seen in this place.
 G = Mean time per level.
                   A        B        C        D        E       F      G
               +--------+--------+--------+--------+--------+-----+--------+
         Total |    157 |    157 |      0 |      0 |     61 |   1 |  157.0 |
       Dungeon |    157 |    157 |      0 |      0 |     61 |   1 |  157.0 |
               +--------+--------+--------+--------+--------+-----+--------+

Top non-repeatable levels by time:
     D:5: 157 daAuts
